 Dungeon Crawl Stone Soup version 0.27-a0-277-g024f7ef292 (webtiles) character file.

Game seed: 12841368070385513228

433 Borgoz the Skirmisher (level 7, -8/44 HPs)
             Began as a Gargoyle Berserker on Feb 6, 2021.
             Was a Priest of Trog.
             Mangled by an ogre
             ... wielding a +0 giant spiked club
              (15 damage)
             ... on level 5 of the Dungeon.
             The game lasted 00:05:53 (5509 turns).

Borgoz the Skirmisher (Gargoyle Berserker)          Turns: 5509, Time: 00:05:53

Health: -8/44      AC:  7    Str: 21    XL:     7   Next: 0%
Magic:  7/7        EV: 13    Int:  7    God:    Trog [***...]
Gold:   345        SH:  0    Dex: 11    Spells: 6/6 levels left

rFire    . . .     SeeInvis .   a - +0 mace
rCold    . . .     Faith    .   (no shield)
rNeg     + . .     Spirit   .   b - +0 animal skin
rPois    ∞         Reflect  .   (no helmet)
rElec    +         Harm     .   (no cloak)
rCorr    .         Rampage  .   (no gloves)
Will     ++...                  (no boots)
Stlth    +.........             n - amulet of regeneration
HPRegen  1.54/turn              (no ring)
MPRegen  0.10/turn              (no ring)

@: regenerating
A: negative energy resistance 1, electricity resistance, unbreathing,
petrification resistance, miasma immunity, AC +4
a: Renounce Religion, Berserk, Trog's Hand


You were on level 5 of the Dungeon.
You worshipped Trog.
Trog was most pleased with you.
You visited 2 branches of the dungeon, and saw 6 of its levels.
You also visited: Sewer.

You collected 345 gold pieces.

Inventory:

Hand Weapons
 a - a +0 mace (weapon)
Armour
 b - a +0 animal skin (worn)
Jewellery
 l - an uncursed ring of magical power {unknown}
 n - an amulet of regeneration (around neck)
Scrolls
 e - a scroll of teleportation
 f - a scroll of enchant armour
 g - a scroll of identify
 h - 2 scrolls of remove curse
 j - 2 scrolls of magic mapping
 o - a scroll of fear
Potions
 c - a potion of might
 d - 3 potions of heal wounds
 i - 2 potions of flight
 k - 2 potions of curing
 m - 2 potions of haste


   Skills:
 + Level 5.0 Fighting
 + Level 4.6 Maces & Flails
 + Level 4.3 Armour
 + Level 3.2 Dodging


You had 6 spell levels left.
You didn't know any spells.
Your spell library was empty.

Dungeon Overview and Level Annotations

Branches:
Dungeon (5/15)             Temple (1/1) D:4           Sewer (visited)

Altars:
Ashenzari
Cheibriados
Dithmenos
Elyvilon
Fedhas
Hepliaklqana
Kikubaaqudgha
Makhleb
Nemelex Xobeh
Okawaru
Qazlal
Ru
Sif Muna
Vehumet
Wu Jian
Xom
Zin
The Shining One


Innate Abilities, Weirdness & Mutations

You are resistant to torment.
Your stone body is resilient. (AC +4)
You are immune to poison.
You resist negative energy. (rN+)
You are resistant to electric shocks. (rElec)
You can survive without breathing.
You are immune to petrification.
You are immune to miasma.


Message History

There is a large open door here.
An ogre comes into view. It is wielding a +0 giant spiked club.
The ogre shouts!
An ogre is nearby!
The ogre hits you with a +0 giant spiked club!
An ogre is nearby!
You hit the ogre but do no damage. The ogre misses you.
You thump the ogre!
The ogre is moderately wounded.
You barely miss the ogre.
The ogre is moderately wounded.
The ogre hits you with a +0 giant spiked club!!
Ouch! That really hurt!
* * * LOW HITPOINT WARNING * * *
You are too injured to fight recklessly!
You are too injured to fight recklessly!
Your skin crawls.
You feel strong-willed.
The ogre hits you with a +0 giant spiked club!
You die...

######### ##≈≈≈≈≈§≈≈
##§§......§
##§§§.....§.
##≈≈.........
#######§≈..@O......
#....#≈§....≈§≈≈≈≈.
#....#§§...≈.####.≈
#....#≈....§##
#....'.....≈# #
#....'....)≈# .
####....#≈....≈#
.##....#.##≈....≈.#
.#.###.#.##≈§..§§§≈≈


You could see an ogre.

Vanquished Creatures
  Purgy (Sewer)
  An orc wizard (D:4)
  4 worker ants
  9 adders
  4 oozes
  A worm (D:2)
  3 dart slugs (D:1)
  6 leopard geckos
  4 orcs (D:4)
  13 bats
  10 giant cockroaches
  12 hobgoblins
  5 jackals
  3 quokkas
  8 frilled lizards
  10 goblins
  12 kobolds
  2 leopard gecko skeletons (D:4)
  8 rats
116 creatures vanquished.

Vanquished Creatures (others)
  10 plants
10 creatures vanquished.

Grand Total: 126 creatures vanquished

Notes
Turn   | Place    | Note
-------+----------+-------------------------------------------
     0 | D:1      | Borgoz the Gargoyle Berserker began the quest for the Orb.
     0 | D:1      | Reached XP level 1. HP: 14/14 MP: 1/1
   145 | D:1      | Reached XP level 2. HP: 19/19 MP: 2/2
   796 | D:1      | Reached XP level 3. HP: 23/23 MP: 3/3
  1343 | D:1      | Reached ** piety under Trog
  1672 | D:2      | Found a sparkling altar of Nemelex Xobeh.
  1783 | D:2      | Reached XP level 4. HP: 26/29 MP: 4/4
  1887 | D:2      | Reached skill level 4 in Fighting
  3088 | D:3      | Reached XP level 5. HP: 30/33 MP: 5/5
  3088 | D:3      | Found a glowing drain.
  3108 | Sewer    | Entered a sewer
  3160 | Sewer    | Noticed Purgy
  3172 | Sewer    | Killed Purgy
  3262 | D:3      | Reached XP level 6. HP: 39/39 MP: 6/6
  3377 | D:3      | Reached *** piety under Trog
  3710 | D:3      | Found a faded altar of an unknown god.
  4212 | D:4      | Found a shimmering blue altar of Sif Muna.
  4240 | D:4      | Found a staircase to the Ecumenical Temple.
  4294 | Temple   | Entered the Ecumenical Temple
  4655 | D:4      | Reached skill level 5 in Fighting
  5322 | D:5      | Entered Level 5 of the Dungeon
  5477 | D:5      | Reached XP level 7. HP: 41/44 MP: 7/7
  5509 | D:5      | Mangled by an ogre

Illustrated notes

Levels and vault maps discovered:
D:1:      onia_arrival_mini_maze, layout_basic, minmay_lizard_king
D:2:      layout_basic, nicolae_overflow_crystal_walls, minmay_fractal_squares_5
D:3:      layout_loops_ring, portal_sewer_entry_f,
          chequers_ecumenical_altar_simple, minmay_misc_feat_hallway
D:4:      layout_rooms, old_standard_altar, minmay_temple_entry_hall,
          serial_forest, infiniplex_forest_straight_3, infiniplex_forest_end_2,
          infiniplex_forest_split, infiniplex_forest_straight_2,
          infiniplex_forest_end_2, infiniplex_forest_end_3,
          infiniplex_forest_lined_corner, infiniplex_forest_clump_long,
          chequers_serial_rivers_micro_b
D:5:      layout_loops_cross, gammafunk_temple_overflow_forgotten, serial_shops,
          shop_statue, corexii_leaking_fountain, kennysheep_big_empty_room
Temple:   compressed_dpeg_circular_temple

Skill      XL: |  1  2  3  4  5  6 |
---------------+-------------------+-----
Dodging        | 2 3 |  3.2
Armour         | 3 4 |  4.3
Fighting       | 4 5 |  5.0
Maces & Flails | 4 |  4.6

Action                   |  1- 3 |  4- 6 |  7- 9 || total
-------------------------+-------+-------+-------++-------
Melee: Mace              |   117 |   279 |     3 ||   399
Invok: Berserk           |     1 |     4 |       ||     5
       Trog's Hand       |       |       |     1 ||     1
  Use: Scroll            |       |    17 |       ||    17
 Stab: Sleeping          |       |     1 |       ||     1
Armor: Animal skin       |    46 |   119 |       ||   165
Dodge: Dodged            |   100 |   264 |     1 ||   365

Table legend: (Time is in decaauts)
 A = Elapsed time spent in this place.
 B = Non-inter-level travel time spent in this place.
 C = Inter-level travel time spent in this place.
 D = Time resting spent in this place.
 E = Time spent auto-exploring this place.
 F = Levels seen in this place.
 G = Mean time per level.
                   A        B        C        D        E       F      G
               +--------+--------+--------+--------+--------+-----+--------+
         Total |   5639 |   5509 |    130 |    722 |   3786 |   7 |  805.6 |
       Dungeon |   5407 |   5286 |    121 |    722 |   3681 |   5 | 1081.4 |
        Temple |    114 |    105 |      9 |      0 |    105 |   1 |  114.0 |
         Sewer |    117 |    117 |      0 |      0 |      0 |   1 |  117.0 |
               +--------+--------+--------+--------+--------+-----+--------+

Top non-repeatable levels by time:
     D:1: 1711 daAuts
     D:2: 1373 daAuts
     D:4: 1207 daAuts
     D:3: 928 daAuts
     D:5: 187 daAuts
   Sewer: 117 daAuts
  Temple: 114 daAuts
